 Dungeon Crawl Stone Soup version 0.29-a0-1023-g6ae1a4a2c7 (webtiles) character file.

Game seed: 13645651919167703157

350 BritishOli the Trooper (level 6, 0/50 (51) HPs)
             Began as a Demonspawn Fighter on Aug 11, 2022.
             Slain by a wight
             ... wielding a +4 flail
              (12 damage)
             ... on level 4 of the Dungeon.
             The game lasted 00:03:21 (3533 turns).

BritishOli the Trooper (Demonspawn Fighter)         Turns: 3533, Time: 00:03:21

HP:   0/50 (51)     AC:  9    Str: 19    XL:     6   Next: 34%
MP:   15/15         EV:  5    Int:  9    God:
Gold: 142           SH: 13    Dex: 12    Spells: 5/5 levels left

rFire   . . .      SeeInvis +   e - +2 short sword (speed)
rCold   . . .      Faith    .   n - +1 tower shield of Juist {rPois rCorr MP+9 SInv}
rNeg    . . .      Spirit   .   b - +0 scale mail
rPois   +          Reflect  .   o - +0 helmet
rElec   .          Harm     .   (no cloak)
rCorr   +          Rampage  .   (no gloves)
Will    .....                   (no boots)
Stlth   ..........              (no amulet)
HPRegen 0.16/turn               (no ring)
MPRegen 0.14/turn               (no ring)

@: lightly drained
A: claws 1, ignite blood 1, powered by pain 1, sharp scales 1
a: no special abilities


You were on level 4 of the Dungeon.
You visited 1 branch of the dungeon, and saw 4 of its levels.

You collected 142 gold pieces.

Inventory:

Hand Weapons
 a - a +0 long sword
 e - a +2 short sword of speed (weapon)
Armour
 b - a +0 scale mail (worn)
 n - the +1 tower shield of Juist (worn) {rPois rCorr MP+9 SInv}
   (You found it on level 2 of the Dungeon)

   rPois:     It protects you from poison.
   MP:        It affects your magic capacity (+9).
   SInv:      It lets you see invisible.
   rCorr:     It protects you from acid and corrosion.
 o - a +0 helmet (worn)
Scrolls
 f - 4 scrolls of identify {unknown}
 g - 3 scrolls of teleportation {unknown}
 h - a scroll of poison {unknown}
 k - a scroll of fear {unknown}
 m - a scroll of vulnerability {unknown}
 q - a scroll of blinking {unknown}
 r - a scroll of enchant weapon {unknown}
Potions
 c - a potion of ambrosia {unknown}
 d - 2 potions of might
 i - 2 potions of brilliance {unknown}
 j - 4 potions of heal wounds {unknown}
 l - a potion of invisibility {unknown}
 p - 2 potions of curing {unknown}


   Skills:
 * Level 5.0 Fighting
 + Level 3.1 Long Blades
 + Level 3.7 Armour
 + Level 3.8 Shields


You had 5 spell levels left.
You didn't know any spells.
Your spell library contained the following spells:

 Spells                   Type           Power      Damage    Failure   Level
 Freeze                   Ice            0%         1d3       100%        1
 Frozen Ramparts          Ice            0%         1d1       100%        3
 Hailstorm                Conj/Ice       0%         3d3       100%        4


Dungeon Overview and Level Annotations

Branches:
Dungeon (4/15)
 Temple: D:4-7

Altars:
Fedhas

Shops:
D:2 (


Innate Abilities, Weirdness & Mutations

You have sharp fingernails.
Your demonic aura sometimes causes spilled blood to erupt in flames.
You sometimes gain a little power by taking damage.
You are partially covered in razor-sharp scales. (AC +1, Slay +1)


Message History

The iguana is heavily wounded.
The wight hits you with a +4 flail. You block the iguana's attack.
Unknown command.
You hit the iguana but do no damage.
The iguana is heavily wounded.
You block the wight's attack. The iguana bites you.
Unknown command.
You closely miss the iguana.
The iguana is heavily wounded.
You block the wight's attack. You block the iguana's attack.
Unknown command.
You hit the iguana.
The iguana is severely wounded.
You block the wight's attack. The iguana bites you!
Unknown command.
You hit the iguana but do no damage.
The iguana is severely wounded.
You block the wight's attack. You block the iguana's attack.
You barely miss the iguana.
The iguana is severely wounded.
You block the wight's attack.
The iguana bites you but does no damage.
You hit the iguana.
The iguana is severely wounded.
You block the wight's attack.
The iguana is engulfed in blazing flames.
You kill the iguana!
Your Fighting skill increases to level 5!
You barely miss the wight. You block the wight's attack.
You hit the wight but do no damage. You block the wight's attack.
The wight hits you with a +4 flail!
You hit the wight but do no damage. You block the wight's attack.
You hit the wight.
The wight is lightly damaged.
The wight hits you with a +4 flail!
You feel drained.
* * * LOW HITPOINT WARNING * * *
You hit the wight.
The wight is heavily damaged.
The wight hits you with a +4 flail!
You die...

#.. #~._.~# #
#...#~#.#~# .#
##...#~~.~~#..##
....###'###...##
#..$..........#
#........?.....
#..........###>
##...○$...##
#...z@.....#
#..........#
................
..#.......>.....
..........^......
.#.#.........####
.............#
#.⌠.#...#.....


You could see a wight.

Vanquished Creatures
  Sigmund (D:4)
  Jessica (D:3)
  2 iguanas (D:4)
  6 adders
  2 worms (D:2)
  4 dart slugs
  3 ball pythons
  7 endoplasms
  A giant cockroach (D:1)
  4 goblins
  3 hobgoblins
  4 jackals (D:2)
  3 quokkas
  3 bats
  2 frilled lizards
  5 kobolds
  6 rats
57 creatures vanquished.

Notes
Turn   | Place    | Note
-------+----------+-------------------------------------------
     0 | D:1      | BritishOli the Demonspawn Fighter began the quest for the
                  | Orb.
     0 | D:1      | Reached XP level 1. HP: 18/18 MP: 1/1
   132 | D:1      | Gained mutation: Your demonic aura sometimes causes spilled
                  | blood to erupt in flames. [demonic ancestry]
   132 | D:1      | Reached XP level 2. HP: 19/24 MP: 2/2
   659 | D:1      | Found a faded altar of an unknown god.
   945 | D:2      | Gained mutation: You sometimes gain a little power by
                  | taking damage. [demonic ancestry]
   945 | D:2      | Reached XP level 3. HP: 28/29 MP: 3/3
  1021 | D:2      | Identified the +1 tower shield of Juist {rPois rCorr MP+9
                  | SInv}
  1300 | D:2      | Found Desokk's Weapon Shoppe.
  1866 | D:2      | Gained mutation: You have sharp fingernails. [demonic
                  | ancestry]
  1866 | D:2      | Reached XP level 4. HP: 37/37 MP: 4/4
  2369 | D:3      | Reached skill level 4 in Fighting
  2833 | D:3      | Noticed Jessica
  2842 | D:3      | Killed Jessica
  2843 | D:3      | Gained mutation: You are partially covered in razor-sharp
                  | scales. (AC +1, Slay +1) [demonic ancestry]
  2843 | D:3      | Reached XP level 5. HP: 12/42 MP: 5/5
  3188 | D:4      | Noticed Sigmund
  3210 | D:4      | Killed Sigmund
  3211 | D:4      | Reached XP level 6. HP: 5/50 MP: 6/6
  3245 | D:4      | Found a blossoming altar of Fedhas.
  3529 | D:4      | Reached skill level 5 in Fighting
  3533 | D:4      | Slain by a wight

Illustrated notes

Levels and vault maps discovered:
D:1:      lordsloth_arrival_two_stooges, layout_basic,
          chequers_ecumenical_altar_twisty, kennysheep_flooded_box,
          minmay_octomino_e4
D:2:      layout_basic, serial_shops, nicolae_shop_bloodbath_and_beyond
D:3:      layout_rooms, nicolae_overflow_hidden_temple, minivault_27,
          chequers_hall_statues_wall_a, uniq_jessica
D:4:      layout_rooms, kennysheep_little_box, minmay_temple_entry_sparse_star,
          uniq_natasha, uniq_sigmund, uniq_grinder

Skill      XL: |  1  2  3  4  5  6 |
---------------+-------------------+-----
Long Blades    | 2 3 |  3.1
Armour         | 3 |  3.7
Shields        | 3 |  3.8
Fighting       | 4 5 |  5.0

Action                   |  1- 3 |  4- 6 || total
-------------------------+-------+-------++-------
Melee: Short sword       |   152 |   106 ||   258
       Long sword        |     5 |       ||     5
Armor: Scale mail        |    42 |    27 ||    69
Dodge: Dodged            |    41 |    20 ||    61
Block: Buckler           |    22 |       ||    22
       Tower shield      |    16 |    75 ||    91

Table legend: (Time is in decaauts)
 A = Elapsed time spent in this place.
 B = Non-inter-level travel time spent in this place.
 C = Inter-level travel time spent in this place.
 D = Time resting spent in this place.
 E = Time spent auto-exploring this place.
 F = Levels seen in this place.
 G = Mean time per level.
                   A        B        C        D        E       F      G
               +--------+--------+--------+--------+--------+-----+--------+
         Total |   3514 |   3409 |    105 |    478 |   2476 |   4 |  878.5 |
       Dungeon |   3514 |   3409 |    105 |    478 |   2476 |   4 |  878.5 |
               +--------+--------+--------+--------+--------+-----+--------+

Top non-repeatable levels by time:
     D:2: 1338 daAuts
     D:3: 966 daAuts
     D:1: 860 daAuts
     D:4: 348 daAuts
